 Dungeon Crawl Stone Soup version 0.28.0-43-g3370ac3207 (webtiles) character file.

Game seed: 16218787156878394091

48458 nickcage the Warrior (level 14, -30/137 (140) HPs)
             Began as a Minotaur Fighter on Mar 10, 2022.
             Was a High Priest of the Shining One.
             Killed from afar by a hellion (40 damage)
             ... with damnation
             ... on level 2 of the Abyss.
             The game lasted 01:00:23 (19571 turns).

nickcage the Warrior (Minotaur Fighter)            Turns: 19571, Time: 01:00:23

HP:   -30/137 (140) AC: 23    Str: 27    XL:     14   Next: 12%
MP:   16/16         EV: 10    Int:  5    God:    the Shining One [*****.]
Gold: 1342          SH: 13    Dex:  9    Spells: 7/13 levels left

rFire   . . .      SeeInvis .   a - +2 trident
rCold   . . .      Faith    .   c - +0 buckler
rNeg    + + .      Spirit   .   k - +0 plate armour
rPois   .          Reflect  .   (helmet restricted)
rElec   .          Harm     .   b - +2 cloak
rCorr   .          Rampage  .   n - +0 pair of gloves
Will    +....                   g - +0 pair of boots
Stlth   ..........              O - amulet of regeneration
HPRegen 1.12/turn               q - ring of flight
MPRegen 0.15/turn               (no ring)

@: divinely shielded, flying, glowing, lightly drained
A: horns 2, retaliatory headbutt
a: Renounce Religion, Divine Shield, Cleansing Flame, Summon Divine Warrior


You were on level 2 of the Abyss.
You worshipped the Shining One.
The Shining One was extremely pleased with you.
You visited 2 branches of the dungeon, and saw 19 of its levels.
You visited the Abyss 1 time.

You collected 1342 gold pieces.

Inventory:

Hand Weapons
 a - a +2 trident (weapon)
 i - a +2 vorpal spear
Missiles
 B - 31 poisoned darts (quivered)
Armour
 b - a +2 cloak (worn)
 c - a +0 buckler (worn)
 g - a +0 pair of boots (worn)
 k - a +0 plate armour (worn)
 m - the +3 leather armour of Ibaddy {Str+4 Dex+6}
   (You found it on level 2 of the Dungeon)

   Str:       It affects your strength (+4).
   Dex:       It affects your dexterity (+6).
 n - a +0 pair of gloves (worn)
Jewellery
 q - a ring of flight (left hand)
 O - an amulet of regeneration (around neck)
Wands
 d - a wand of flame (50)
 s - a wand of iceblast (14)
 u - a wand of paralysis (16)
 x - a wand of digging (5)
 H - a wand of mindburst (7)
Scrolls
 e - 2 scrolls of identify
 f - 4 scrolls of amnesia
 j - 2 scrolls of enchant armour
 t - 2 scrolls of holy word
 y - 7 scrolls of teleportation
 z - 3 scrolls of immolation
 G - 2 scrolls of fog
 J - a scroll of magic mapping
Potions
 o - 2 potions of heal wounds
 p - 8 potions of curing
 I - 2 potions of haste
 K - 3 potions of magic
 N - 2 potions of might
Miscellaneous
 h - a phial of floods
 A - a lightning rod (4/4)
 E - a piece from Xom's chessboard (15/15)
 L - a piece from Xom's chessboard (15/15)


   Skills:
 - Level 17.2 Fighting
 + Level 15.2 Polearms
 - Level 1.4 Throwing
 + Level 14.7 Armour
 - Level 8.0 Dodging
 - Level 8.0 Shields
 * Level 4.6 Invocations


You had 7 spell levels left.
You knew the following spells:

 Your Spells              Type           Power      Damage    Failure   Level
a - Statue Form           Tmut/Erth      0%         N/A       100%        6

Your spell library contained the following spells:

 Spells                   Type           Power      Damage    Failure   Level
 Shock                    Conj/Air       0%         1d3       99%         1
 Ensorcelled Hibernation  Hex/Ice        0%         N/A       100%        2
 Passwall                 Tmut/Erth      0%         N/A       100%        2
 Static Discharge         Conj/Air       0%         N/A       100%        2
 Call Canine Familiar     Summ           0%         N/A       100%        3
 Conjure Flame            Conj/Fire      0%         6-21      100%        3
 Dazzling Flash           Conj/Hex       0%         N/A       100%        3
 Mephitic Cloud           Conj/Pois/Air  0%         N/A       100%        3
 Ozocubu's Armour         Ice            0%         N/A       100%        3
 Portal Projectile        Hex/Tloc       0%         N/A       100%        3
 Swiftness                Air            0%         N/A       100%        3
 Animate Dead             Necr           0%         N/A       100%        4
 Flame Wave               Conj/Fire      0%         2d4       100%        4
 Leda's Liquefaction      Hex/Erth       0%         N/A       100%        4
 Passage of Golubria      Tloc           0%         N/A       100%        4
 Petrify                  Tmut/Erth      0%         N/A       100%        4
 Agony                    Necr           0%         N/A       100%        5
 Lightning Bolt           Conj/Air       0%         1d11      100%        5
 Metabolic Englaciation   Hex/Ice        0%         N/A       100%        5
 Silence                  Hex/Air        0%         N/A       100%        5
 Haunt                    Necr/Summ      0%         N/A       100%        7
 Ozocubu's Refrigeration  Ice            0%         4d5       100%        7
 Infestation              Necr           0%         N/A       100%        8
 Lehudib's Crystal Spear  Conj/Erth      0%         10d2      100%        8
 Maxwell's Capacitive Co  Air            0%         ∞         100%        8


Dungeon Overview and Level Annotations

Branches:
Dungeon (13/15)            Temple (0/1) D:7            Lair (6/6) D:10
 Shoals (0/4) Lair:4        Snake (0/4) Lair:2        Slime (0/5) Lair:6
    Orc (0/2) D:11         Vaults (0/5) D:13

Altars:
Elyvilon
Kikubaaqudgha
Makhleb
Nemelex Xobeh
Okawaru
Ru
Sif Muna
Uskayaw
Vehumet
Wu Jian
Xom
Yredelemnul
Zin
The Shining One

Shops:
D:3 :   D:8 :   D:11 *

Annotations:
D:13 Nessos, Urug


Innate Abilities, Weirdness & Mutations

You have a pair of horns on your head.
You reflexively headbutt those who attack you in melee.


Message History

The apocalypse crab breathes chaos at you.
The blast of chaos engulfs you but does no damage.
You resist.
You feel sick.
You feel sick.
You feel sick.
The apocalypse crab stops moving altogether!
A large abomination comes into view.
You feel sick.
You feel yourself speed up.
You feel sick.
You are no longer poisoned.
Your transformation is almost over.
A large abomination comes into view.
A tentacled starspawn comes into view.
Tentacles burst from the starspawn's body! 2 starspawn tentacles come into view.
A hellion comes into view.
The hellion gives a hideous shriek!
The starspawn tentacle misses you. The hellion gestures at you.
The sphere of damnation explodes!
The damnation engulfs you!!
* * * LOW HITPOINT WARNING * * *
The starspawn tentacle grabs you. The starspawn tentacle constricts you.
* * * LOW HITPOINT WARNING * * *
You escape the starspawn tentacle's grasp.
You feel less batty.
Your +2 trident unmelds from your body.
Your +2 cloak unmelds from your body.
Your +0 pair of gloves unmelds from your body.
Your +0 pair of boots unmelds from your body.
Your +0 buckler unmelds from your body.
Your +0 plate armour unmelds from your body.
Your ring of flight unmelds from your body.
You fly up into the air.
The hellion gestures at you.
The sphere of damnation explodes!
The damnation engulfs you!!
* * * LOW HITPOINT WARNING * * *
The hellion gestures at you.
The sphere of damnation explodes!
The damnation engulfs you!!!
You die...

..........# ..
.........##. ....
................... ..#.
#......##.........
....##......##.......#
│./─w................##.
.│/─w...................
.X..............@.......
. ...................##.
. #.........2........#
.X......................
.......########...#..§#.
...#..#.# #########
..#.#..## ..##..## .
#####


You could see a hellion.

Vanquished Creatures
  Harold (D:9)
  A boulder beetle (Lair:1)
  5 hydras
  11 death yaks (Lair:6)
  4 two-headed ogres
  A lindwurm (Lair:5)
  A manticore (D:12)
  9 black mambas
  Joseph (D:9)
  8 elephants (Lair:6)
  2 smoke demons (Lair:6)
  8 cane toads
  Psyche (D:9)
  A rime drake (Lair:4)
  9 komodo dragons
  2 trolls
  A polar bear (Lair:3)
  Grinder (D:3)
  18 blink frogs
  A wraith (D:12)
  2 shadows
  2 vampires (D:12)
  51 yaks
  6 wyverns
  7 basilisks
  3 steam dragons
  3 large abominations
  28 water moccasins
  An acid dragon (D:10)
  Duvessa (D:4)
  An orc warrior (D:9)
  An ice beast (D:7)
  A black bear (Lair:5)
  3 necrophages
  2 ogres
  20 wolves
  5 centaurs
  2 phantoms
  A kobold brigand (D:9)
  5 small abominations
  8 bullfrogs
  A gnoll sergeant (D:9)
  2 scorpions
  A water moccasin skeleton (D:4)
  Dowan (D:4)
  4 killer bees
  3 wights (D:9)
  7 howler monkeys
  A centaur zombie (D:6)
  3 bullfrog zombies
  4 jellies
  A hound (D:7)
  5 orc priests
  Crazy Yiuf (D:2)
  2 centaur skeletons
  An iguana (D:10)
  Jessica (D:2)
  12 orc wizards
  A killer bee zombie (D:8)
  A howler monkey zombie (D:5)
  Robin (D:3)
  9 gnolls
  5 adders
  A white imp (D:8)
  An ufetubus (D:5)
  4 dart slugs
  3 worms
  32 orcs
  7 ball pythons
  4 bats
  10 endoplasms
  3 giant cockroaches
  22 goblins
  9 hobgoblins
  5 jackals
  10 kobolds
  5 quokkas
  4 frilled lizards
  6 rats
432 creatures vanquished.

Vanquished Creatures (collateral kills)
  A blink frog (Lair:4)
  A water moccasin (Lair:2)
2 creatures vanquished.

Vanquished Creatures (others)
  A death yak (Lair:6)
  25 fungi
  56 plants
  4 starspawn tentacles (Abyss:2)
86 creatures vanquished.

Grand Total: 520 creatures vanquished

Notes
Turn   | Place    | Note
-------+----------+-------------------------------------------
     0 | D:1      | nickcage the Minotaur Fighter began the quest for the Orb.
     0 | D:1      | Reached XP level 1. HP: 19/19 MP: 0/0
   198 | D:1      | Reached XP level 2. HP: 26/26 MP: 1/1
   957 | D:2      | Reached XP level 3. HP: 31/31 MP: 2/2
   967 | D:2      | Identified the +3 leather armour of Ibaddy {Str+4 Dex+6}
  1011 | D:2      | Found a faded altar of an unknown god.
  1089 | D:2      | Noticed Jessica
  1105 | D:2      | Killed Jessica
  1106 | D:2      | Reached skill level 5 in Polearms
  1106 | D:2      | Reached XP level 4. HP: 32/39 MP: 3/3
  1640 | D:2      | Noticed a necrophage
  1650 | D:2      | Killed a necrophage
  1651 | D:2      | Reached XP level 5. HP: 33/45 MP: 4/4
  1769 | D:2      | Found a runed translucent door.
  1770 | D:2      | Noticed Crazy Yiuf
  1776 | D:2      | Killed Crazy Yiuf
  1947 | D:3      | Got Biah's Grimoire of Damaging Weightlessness
  1966 | D:3      | Found a sparkling altar of Nemelex Xobeh.
  1967 | D:3      | Found a basalt altar of Yredelemnul.
  1968 | D:3      | Found a sacrificial altar of Ru.
  1968 | D:3      | Found a hide-covered altar of Uskayaw.
  1968 | D:3      | Found an ancient bone altar of Kikubaaqudgha.
  1968 | D:3      | Found a shimmering altar of Xom.
  1970 | D:3      | Found a radiant altar of Vehumet.
  1970 | D:3      | Found a shimmering blue altar of Sif Muna.
  1970 | D:3      | Found a glowing golden altar of the Shining One.
  1972 | D:3      | Found an ornate altar of the Wu Jian Council.
  1972 | D:3      | Found an iron altar of Okawaru.
  1972 | D:3      | Found a white marble altar of Elyvilon.
  1988 | D:3      | Became a worshipper of the Shining One
  2141 | D:3      | Noticed Grinder
  2149 | D:3      | Killed Grinder
  2150 | D:3      | Reached XP level 6. HP: 32/51 MP: 5/5
  2401 | D:3      | Found Nesaes's Book Emporium.
  2412 | D:3      | Noticed Robin
  2428 | D:3      | Killed Robin
  2891 | D:4      | Noticed Duvessa
  2891 | D:4      | Noticed Dowan
  2900 | D:4      | Killed Dowan
  2901 | D:4      | Reached XP level 7. HP: 44/57 MP: 6/6
  2906 | D:4      | Killed Duvessa
  3200 | D:4      | Reached skill level 10 in Polearms
  3762 | D:5      | Entered Level 5 of the Dungeon
  3762 | D:5      | Reached * piety under the Shining One
  3820 | D:5      | Reached XP level 8. HP: 59/64 MP: 7/7
  4843 | D:6      | Reached ** piety under the Shining One
  5573 | D:7      | Reached XP level 9. HP: 70/70 MP: 8/8
  5661 | D:7      | Reached skill level 1 in Throwing
  5991 | D:7      | Found a staircase to the Ecumenical Temple.
  6125 | D:8      | Reached skill level 4 in Fighting
  6293 | D:8      | Found Ciunapp's Book Shop.
  6570 | D:9      | Noticed Psyche
  6575 | D:9      | Killed Psyche
  6576 | D:9      | Reached skill level 5 in Fighting
  6613 | D:9      | Noticed Harold
  6627 | D:9      | Killed Harold
  6628 | D:9      | Reached skill level 6 in Fighting
  6628 | D:9      | Reached skill level 5 in Armour
  6862 | D:9      | Reached skill level 7 in Fighting
  6862 | D:9      | Reached skill level 5 in Shields
  7068 | D:9      | Reached XP level 10. HP: 59/86 MP: 9/9
  7430 | D:9      | Noticed Joseph
  7788 | D:9      | Killed Joseph
  7789 | D:9      | Reached skill level 8 in Fighting
  8196 | D:9      | Reached *** piety under the Shining One
  8204 | D:9      | Noticed a two-headed ogre
  8216 | D:9      | Killed a two-headed ogre
  8217 | D:9      | Reached skill level 9 in Fighting
  8228 | D:9      | Reached skill level 10 in Fighting
  8731 | D:10     | Entered Level 10 of the Dungeon
  9166 | D:10     | Found a staircase to the Lair.
  9177 | D:9      | Reached skill level 11 in Fighting
  9404 | D:9      | Reached XP level 11. HP: 33/103 MP: 10/10
  9742 | D:10     | Reached skill level 12 in Fighting
 10505 | D:11     | Identified the +0 ring mail of the Centipede {Will- Str+2
                  | Int+4}
 10768 | D:11     | Found Maodejet's Overcharged Wands.
 10815 | D:11     | Found a staircase to the Orcish Mines.
 11105 | D:11     | Noticed a two-headed ogre
 11106 | D:11     | Noticed a two-headed ogre
 11277 | D:11     | Killed a two-headed ogre
 11638 | D:11     | Killed a two-headed ogre
 11639 | D:11     | Reached skill level 13 in Fighting
 12506 | D:12     | Noticed a two-headed ogre
 12514 | D:12     | Killed a two-headed ogre
 12515 | D:12     | Reached skill level 14 in Fighting
 12612 | D:12     | Noticed a six-headed hydra
 12624 | D:12     | Killed a six-headed hydra
 12625 | D:12     | Reached skill level 1 in Invocations
 12730 | D:12     | Found a glowing silver altar of Zin.
 12801 | D:13     | Noticed Urug
 12801 | D:13     | Noticed a two-headed ogre
 12801 | D:13     | Noticed Nessos
 12801 | D:13     | Reached **** piety under the Shining One
 12801 | D:13     | Found a gate to the Vaults.
 12840 | Lair:1   | Entered Level 1 of the Lair of Beasts
 12879 | Lair:1   | Found a burning altar of Makhleb.
 13098 | Lair:1   | Learned a level 6 spell: Statue Form
 13209 | Lair:1   | Reached XP level 12. HP: 105/117 MP: 13/13
 13484 | Lair:1   | Reached skill level 10 in Armour
 13659 | Lair:1   | Noticed a boulder beetle
 13689 | Lair:1   | Killed a boulder beetle
 14451 | Lair:2   | Noticed an eight-headed hydra
 14463 | Lair:2   | Killed an eight-headed hydra
 14602 | Lair:2   | Reached skill level 1 in Dodging
 14788 | Lair:2   | Found a staircase to the Snake Pit.
 14859 | Lair:2   | Noticed a six-headed hydra
 14869 | Lair:2   | Killed a six-headed hydra
 15659 | Lair:3   | Reached skill level 15 in Fighting
 16198 | Lair:4   | Reached XP level 13. HP: 93/126 MP: 15/15
 16572 | Lair:4   | Reached skill level 5 in Dodging
 16623 | Lair:4   | Reached ***** piety under the Shining One
 16757 | Lair:4   | Found a staircase to the Shoals.
 17731 | Lair:5   | Reached skill level 16 in Fighting
 18106 | Lair:6   | Entered Level 6 of the Lair of Beasts
 18643 | Lair:6   | Found a staircase to the Slime Pits.
 18716 | Lair:6   | Reached skill level 17 in Fighting
 19150 | Lair:6   | Reached XP level 14. HP: 140/140 MP: 16/16
 19155 | Lair:6   | Reached skill level 15 in Polearms
 19386 | Lair:6   | Cast into level 2 of the Abyss (spriggan)
 19531 | Abyss:2  | Noticed a tentacled starspawn
 19557 | Abyss:2  | Noticed a tentacled starspawn
 19571 | Abyss:2  | Killed from afar by a hellion

Illustrated notes

Levels and vault maps discovered:
D:1:      co_arrival_square_in_a_square_in_a_square, layout_loops_ring,
          chequers_serial_rivers_large_b, chequers_serial_rivers_micro_d,
          minmay_pentomino_t4
D:2:      layout_basic, basic_ecumenical_altar, hangedman_abyss_or_decor_stabs,
          serial_park_tiny_2, uniq_crazy_yiuf_cottage, uniq_jessica
D:3:      layout_loops_cross, nicolae_overflows_in_rows, serial_shops,
          nicolae_shop_hallway_stairs, uniq_grinder, uniq_robin
D:4:      layout_basic, minmay_distorted, uniq_duvessa
D:5:      layout_cave_pools
D:6:      layout_basic, minmay_misc_feat_cross
D:7:      layout_rooms, minmay_temple_entry_statues
D:8:      layout_cave_pools, serial_shops, kennysheep_mini
D:9:      layout_small_grid, minmay_quadrilaterals, uniq_joseph, uniq_psyche,
          uniq_harold
D:10:     layout_layer_cave, minmay_lair_entry_grove, enter_bailey_4,
          hellmonk_bongcloud_opening, small_statue_alley_a
D:11:     layout_basic, orc_0_dummy, nicolae_shop_overcharged_wands
D:12:     layout_basic, zin_statuary
D:13:     minmay_connected_boxes_in_corner, layout_small_grid, david_vaults_3,
          portal_ice_cave_entry_pillars_1
Lair:1:   layout_misc_corridors, basic_altar, nzn_sisyphean_effort
Lair:2:   layout_layer_cave, minmay_snake_entry_six_corridors
Lair:3:   layout_misc_corridors
Lair:4:   layout_regular_city, elwin_shoals_entry_rocks,
          chequers_serial_rivers_micro_c
Lair:5:   layout_hall_layers, uniq_nessos
Lair:6:   hellmonk_lair_end_abyssal_woods, layout_loops_ring,
          nicolae_slime_entry_slimehenge, st_stairs_9,
          grunt_forest_small_clearing_treed
Abyss:2:  base: Lair:5, hangedman_decor_lopped

Skill      XL: |  1  2  3  4  5  6  7  8  9 10 11 12 13 14 |
---------------+-------------------------------------------+-----
Polearms       | 3 4 5 6 8 9 11 14 15 | 15.2
Throwing       | 1 |  1.4
Fighting       | 7 11 14 15 17 | 17.2
Armour         | 5 7 9 13 14 | 14.7
Shields        | 5 6 8 |  8.0
Invocations    | 3 4 |  4.6
Dodging        | 4 8 |  8.0

Action                   |  1- 3 |  4- 6 |  7- 9 | 10-12 | 13-15 || total
-------------------------+-------+-------+-------+-------+-------++-------
Melee: Trident           |    81 |    97 |   238 |   652 |   395 ||  1463
       Headbutt          |     6 |    12 |    38 |   159 |   175 ||   390
       Spear             |       |       |       |       |   155 ||   155
Throw: Stone             |       |       |     3 |       |       ||     3
       Dart              |       |       |     3 |    49 |    15 ||    67
Invok: Divine Shield     |       |       |       |       |     3 ||     3
Evoke: Piece from Xom's  |       |       |       |     6 |       ||     6
  Use: Scroll            |       |     2 |     8 |    12 |     2 ||    24
       Potion            |       |     1 |     1 |     5 |     1 ||     8
 Stab: Sleeping          |     1 |       |       |       |       ||     1
Armor: Scale mail        |    12 |       |       |       |       ||    12
       Leather armour    |     3 |    26 |    33 |   111 |    20 ||   193
       Plate armour      |       |       |       |       |   125 ||   125
Dodge: Dodged            |    13 |    31 |    57 |   172 |   125 ||   398
Block: Buckler           |    14 |    11 |    25 |    84 |   104 ||   238
